Map: Incorporeal LE

Players

Lambo

  • Race: Zerg Zerg
  • League: Grandmaster
  • Spawn Location: 11:00

A.I. 1 (Very Easy) - Winner!

  • Race: Terran Terran
  • Spawn Location: 5:00

VOD

Have the link to the VOD?

Description

Time

  • Played on: May 1, 2025, 2:19 a.m.
  • Length: 7:41
Show
View Real Time Build Order
Export as new Build Order

Lambo Zerg 

Build Orders: Hatch First 

Get SALT Encoding   

  12  0:00  Drone  
  13  0:08  Drone  
  14  0:14  Drone, Extractor  
  14  0:21  Overlord  
  15  0:39  Drone  
  16  0:45  Hatchery  
  16  0:48  Drone  
  16  0:51  Drone  
  16  0:56  Drone  
  18  1:05  Extractor  
  18  1:10  Spawning Pool  
  16  1:13  Drone  
  16  1:17  Drone  
  18  1:26  Drone  
  19  1:37  Drone  
  20  1:48  Drone  
  21  1:57  Queen x2  
  21  1:58  Zergling x2  
  21  1:59  Zergling x2  
  27  2:07  Drone  
  28  2:09  Overlord  
  28  2:10  Metabolic Boost  
  28  2:28  Drone x2  
  28  2:29  Drone  
  31  2:31  Drone  
  31  2:37  Hatchery  
  31  2:41  Drone  
  31  2:44  Overlord  
  32  2:51  Queen  
  32  2:53  Drone  
  32  2:55  Drone  
  36  3:04  Drone x2  
  38  3:06  Drone x2  
  38  3:09  Overlord  
  40  3:14  Drone  
  40  3:15  Queen  
  40  3:18  Drone  
  44  3:30  Drone  
  44  3:31  Queen, Drone  
  48  3:38  Overlord  
  48  3:39  Drone x4  
  52  3:47  Overlord  
  52  3:50  Drone x4  
  52  3:54  Queen  
  58  3:59  Zergling x4  
  58  4:01  Zergling x2  
  61  4:08  Zergling x2  
  61  4:09  Queen  
  64  4:10  Overlord  
  64  4:11  Drone x3  
  64  4:15  Drone x2  
  64  4:16  Drone  
  70  4:20  Queen  
  70  4:22  Overlord  
  70  4:23  Drone  
  73  4:24  Drone  
  73  4:28  Extractor  
  73  4:31  Drone  
  73  4:33  Lair  
  73  4:35  Drone x3  
  73  4:37  Overlord  
  77  4:41  Drone x3  
  77  4:45  Overlord  
  80  4:46  Extractor  
  80  4:47  Drone x3  
  80  4:49  Overlord  
  82  4:54  Extractor  
  82  4:55  Baneling Nest  
  82  4:56  Spore Crawler  
  82  4:57  Spore Crawler  
  82  4:58  Drone, Spore Crawler  
  78  5:01  Drone  
  78  5:02  Drone x3  
  78  5:03  Drone  
  78  5:06  Drone x2  
  85  5:17  Hatchery  
  84  5:22  Drone  
  84  5:24  Evolution Chamber  
  84  5:25  Evolution Chamber  
  84  5:26  Zergling x16  
  91  5:33  Overseer  
  91  5:36  Overlord  
  91  5:38  Zergling x10  
  96  5:49  Zergling x10  
  101  5:53  Centrifugal Hooks  
  101  5:56  Zergling x4  
  103  6:01  Zergling x10  
  108  6:06  Hatchery  
  108  6:08  Queen  
  109  6:12  Drone x5  
  109  6:15  Overlord  
  114  6:18  Overlord  
  114  6:20  Baneling  
  114  6:25  Overlord  
  114  6:29  Drone x6  
  114  6:31  Overlord  
  120  6:33  Baneling  
  120  6:34  Baneling x6, Overlord  
  120  6:36  Drone x3  
  120  6:38  Drone  
  124  6:41  Drone x2  
  124  6:45  Drone  
  126  6:49  Spore Crawler  
  126  6:54  Zergling x12  
  131  6:59  Zergling x12  
  137  7:03  Zergling x10  
  142  7:10  Zergling x4  
  142  7:15  Zergling x10  
  149  7:22  Drone  
  150  7:25  Drone x4  
  150  7:28  Spore Crawler, Hatchery  
  150  7:29  Drone  
  164  7:40  Infestation Pit  
Show
View Real Time Build Order
Export as new Build Order

A.I. 1 (Very Easy) Terran - Winner!

Build Orders:  

Get SALT Encoding   

  12  0:00  SCV  
  13  0:13  SCV  
  14  0:18  Supply Depot  
  14  0:36  Refinery  
  14  0:42  Barracks  
  14  1:03  Supply Depot  
  14  1:11  Refinery  
  14  1:29  Barracks Tech Lab, Orbital Command  
  14  1:47  Marine  
  15  1:54  SCV  
  16  2:06  SCV  
  17  2:19  SCV  
  18  2:31  Marine, SCV  
  20  2:43  SCV  
  21  2:55  SCV  
  22  3:16  Marauder  
  24  4:16  SCV  
  24  5:22  SCV  
  24  6:30  SCV  
  24  6:35  Marine  
  24  6:38  Factory  
  25  6:42  SCV, Supply Depot, Command Center  
  26  7:03  SCV  
  26  7:05  Supply Depot  
  26  7:06  Marine  
  25  7:15  SCV  
  24  7:25  Starport  
  24  7:28  SCV  
Tags
 
Matchup
TvZ
Player
Lambo
Spawn Locations
Cross Positions
Add a new tag
Caveats
  • Supply blocks, unpowered buildings, or Contaminate may cause inaccurate times.
  • Supply counts are checked every 10 seconds.